 Dungeon Crawl Stone Soup version 0.17.0-24-gcfadda4 (console) character file.

9394 Kloppie the Fighter (level 11, -2/111 HPs)
             Began as a Minotaur Fighter on Nov 17, 2015.
             Was the Champion of Makhleb.
             Slain by an orc knight
             ... wielding a +0 long sword
              (11 damage)
             ... on level 3 of the Orcish Mines.
             The game lasted 00:19:49 (8500 turns).

Kloppie the Fighter (Minotaur Fighter)              Turns: 8500, Time: 00:19:49

Health: -2/111     AC: 16    Str: 25    XL:     11   Next: 22%
Magic:  11/11      EV:  7    Int:  5    God:    Makhleb [******]
Gold:   1459       SH:  0    Dex: 14    Spells: 0 memorised, 10 levels left

rFire  . . .     SeeInvis .     a - +3 battleaxe (freeze)
rCold  . . .     Clarity  .     u - +0 plate armour
rNeg   . . .     SustAt   .     (shield currently unavailable)
rPois  .         Gourm    .     (helmet restricted)
rElec  .         Spirit   .     M - +0 cloak {+Inv}
rCorr  .         Warding  .     t - +0 pair of gloves
rMut   .         Stasis   .     n - +0 pair of boots
MR     .....                    (no amulet)
Stlth  ..........               I - ring of stealth
                                k - +1 ring of protection

@: mighty, not resistant to hostile enchantments, extremely unstealthy
A: retaliatory headbutt, horns 2
a: Minor Destruction, Lesser Servant of Makhleb, Major Destruction, Greater
Servant of Makhleb, Renounce Religion, Evoke Invisibility


You were on level 3 of the Orcish Mines.
You worshipped Makhleb.
Makhleb was exalted by your worship.
You were not hungry.

You visited 2 branches of the dungeon, and saw 12 of its levels.

You collected 1563 gold pieces.
You spent 104 gold pieces at shops.

Inventory:

Hand Weapons
 a - a +3 battleaxe of freezing (weapon)
 b - a +0 blowgun
 s - a +0 war axe
Missiles
 i - 61 poisoned needles
Armour
 c - a +0 shield
 n - a +0 pair of boots (worn)
 t - a +0 pair of gloves (worn)
 u - a +0 plate armour (worn)
 M - a +0 cloak of invisibility (worn)
Jewellery
 k - a +1 ring of protection (left hand)
 H - an uncursed ring of teleportation
 I - a ring of stealth (right hand)
 K - a cursed -6 ring of dexterity
 L - a cursed ring of loudness
Wands
 g - a wand of polymorph (16)
 l - a wand of flame (26)
 p - a wand of magic darts (15)
 w - a wand of disintegration (21)
Scrolls
 m - 11 scrolls of remove curse
 r - a scroll of amnesia
 v - 2 scrolls of identify
 y - 3 scrolls of blinking
 A - 3 scrolls of teleportation
 B - 6 scrolls of recharging
Potions
 h - 2 potions of haste
 o - 4 potions of curing
 q - 2 potions of degeneration {unknown}
 x - 3 potions of brilliance
 z - a potion of mutation {unknown}
 C - 3 potions of invisibility
 D - 3 potions of heal wounds {unknown}
 E - a potion of resistance
 J - a potion of agility
Comestibles
 d - 7 beef jerkies
 e - 9 bread rations
 f - 3 meat rations
 j - 4 chunks of flesh
 G - 3 royal jellies


   Skills:
 - Level 14.3 Fighting
 - Level 14.0 Axes
 + Level 5.0 Armour
 - Level 3.6 Shields
 + Level 2.2 Invocations


You had 10 spell levels left.
You didn't know any spells.

Dungeon Overview and Level Annotations

Branches:
Dungeon (9/15)             Temple (0/1) D:7             Orc (3/4) D:9
   Lair: D:8-11         Elf: Orc:3-4

Altars:
Ashenzari
Cheibriados
Dithmenos
Kikubaaqudgha
Makhleb
Nemelex Xobeh
Qazlal
Sif Muna
Vehumet
Xom
Yredelemnul
The Shining One
Beogh

Shops:
D:8 :   Orc:1 =


Innate Abilities, Weirdness & Mutations

You reflexively headbutt those who attack you in melee.
You have a pair of horns on your head.


Message History

The orc knight hits you but does no damage.
You hit the orc knight but do no damage.
The orc knight is moderately wounded.
You closely miss the orc knight.
The orc knight is moderately wounded.
The orc knight hits you with a long sword!
* * * LOW HITPOINT WARNING * * *
Drink which item? (? for menu, Esc to quit)
You feel very mighty all of a sudden.
The orc knight hits you with a long sword!!
* * * LOW HITPOINT WARNING * * *
You hit the orc knight but do no damage.
You headbutt the orc knight!
The orc knight is heavily wounded.
The orc knight hits you with a long sword!
* * * LOW HITPOINT WARNING * * *
You barely miss the orc knight.
The orc knight is heavily wounded.
The orc knight hits you with a long sword!
You die...

#.......###......#.#
#.......##..>.....####
#.8...8.#....).......#
#..$....#....))))....#
##.....##....##......#
#8...8##...##.#......
##...###...##.#......
#####)####.######......
#....o@.)))### ###.....
###........#.# #.......
##.........###.......
#..<................
####........>......)
#................#
##..#.........####
####.........#
#.#.......##


You could see an orc knight.

Vanquished Creatures
  Nergalle (Orc:1)
  Pikel (D:7)
  Maurice (Orc:3)
  Prince Ribbit (D:6)
  Sigmund (D:6)
  A deep elf mage (D:9)
  2 hippogriffs (D:8)
  2 hungry ghosts (D:9)
  Menkaure (D:6)
  Edmund (D:6)
  A warg (Orc:2)
  2 sky beasts
  3 ice beasts (D:8)
  14 orc warriors
  3 phantoms
  8 ogres
  A crocodile (D:6)
  2 centaurs
  5 big kobolds
  4 giant frogs
  4 scorpions
  A troll zombie (D:9)
  A killer bee (D:8)
  4 wights (D:7)
  3 crimson imps
  A quasit (D:8)
  2 giant frog zombies (D:5)
  4 hounds
  A jelly (D:8)
  3 iguanas
  24 orc priests
  Ijyb (D:2)
  2 centaur skeletons (D:5)
  2 giant frog skeletons
  Jessica (D:2)
  22 orc wizards
  Terence (D:2)
  4 worker ants
  7 ogre zombies (D:9)
  A hound skeleton (D:8)
  A worker ant zombie (D:8)
  8 gnolls (D:6)
  A shadow imp (D:8)
  11 adders
  5 oozes
  An adder zombie (D:7)
  5 worms
  3 adder skeletons
  7 giant geckos
  135 orcs
  7 giant cockroaches
  8 goblins
  9 hobgoblins
  10 jackals
  2 quokkas
  2 ball pythons
  9 bats
  A giant cockroach zombie (D:6)
  A giant gecko skeleton (D:5)
  7 giant newts
  A goblin skeleton (D:9)
  6 goblin zombies (D:9)
  A hobgoblin skeleton (D:9)
  3 hobgoblin zombies (D:9)
  36 kobolds
  An orc skeleton (D:9)
  13 orc zombies (D:9)
  A quokka skeleton (D:8)
  3 rats
442 creatures vanquished.

Vanquished Creatures (others)
  A shadow imp (D:7)
  A jackal (D:7)
2 creatures vanquished.

Grand Total: 444 creatures vanquished

Notes
Turn   | Place    | Note
--------------------------------------------------------------
     0 | D:1      | Kloppie the Minotaur Fighter began the quest for the Orb.
     0 | D:1      | Reached XP level 1. HP: 19/19 MP: 0/0
   149 | D:1      | Reached XP level 2. HP: 24/27 MP: 1/1
   169 | D:1      | Reached skill level 4 in Fighting
   632 | D:2      | Noticed Ijyb
   644 | D:2      | Killed Ijyb
   644 | D:2      | Reached XP level 3. HP: 31/35 MP: 2/2
   753 | D:2      | Reached skill level 5 in Fighting
   794 | D:2      | Reached XP level 4. HP: 42/42 MP: 3/3
   931 | D:2      | Noticed Terence
   943 | D:2      | Killed Terence
  1019 | D:2      | Found a sparkling altar of Nemelex Xobeh.
  1019 | D:2      | Found a basalt altar of Yredelemnul.
  1041 | D:2      | Noticed Jessica
  1045 | D:2      | Killed Jessica
  1045 | D:2      | Reached XP level 5. HP: 47/50 MP: 4/4
  1228 | D:3      | Found a deep blue altar of Sif Muna.
  1274 | D:3      | Reached skill level 6 in Fighting
  1274 | D:3      | Reached skill level 5 in Axes
  1300 | D:3      | Found a radiant altar of Vehumet.
  1774 | D:3      | Reached XP level 6. HP: 58/58 MP: 5/5
  2099 | D:4      | Found a glowing golden altar of the Shining One.
  2103 | D:4      | Found a snail-covered altar of Cheibriados.
  2112 | D:4      | Found a burning altar of Makhleb.
  2123 | D:4      | Found an ancient bone altar of Kikubaaqudgha.
  2164 | D:4      | Became a worshipper of Makhleb the Destroyer
  2356 | D:4      | Reached skill level 7 in Fighting
  2468 | D:4      | Reached XP level 7. HP: 49/66 MP: 6/6
  2848 | D:5      | Entered Level 5 of the Dungeon
  2985 | D:5      | Reached * piety under Makhleb
  2998 | D:5      | Reached skill level 8 in Fighting
  3176 | D:5      | Reached XP level 8. HP: 56/77 MP: 7/7
  3430 | D:5      | Reached skill level 9 in Fighting
  3533 | D:6      | Noticed Prince Ribbit
  3540 | D:6      | Killed Prince Ribbit
  3657 | D:6      | Reached ** piety under Makhleb
  3674 | D:6      | Noticed Sigmund
  3686 | D:6      | Killed Sigmund
  3711 | D:6      | Reached skill level 10 in Fighting
  4161 | D:6      | Noticed Menkaure
  4172 | D:6      | Killed Menkaure
  4172 | D:6      | Reached skill level 10 in Axes
  4288 | D:6      | Noticed Edmund
  4303 | D:6      | Killed Edmund
  4303 | D:6      | Reached XP level 9. HP: 61/86 MP: 8/8
  4352 | D:6      | Found a sparkling altar of Nemelex Xobeh.
  4583 | D:7      | Reached *** piety under Makhleb
  4606 | D:7      | Noticed Pikel
  4630 | D:7      | Killed Pikel
  4630 | D:7      | Reached skill level 11 in Fighting
  4855 | D:7      | Found a staircase to the Ecumenical Temple.
  5261 | D:8      | Reached skill level 12 in Fighting
  5315 | D:8      | Reached **** piety under Makhleb
  5381 | D:8      | Reached XP level 10. HP: 97/99 MP: 9/9
  5636 | D:8      | Found a stormy altar of Qazlal.
  5639 | D:8      | Found a shattered altar of Ashenzari.
  5729 | D:8      | Found Kogaal's Book Shoppe.
  5741 | D:8      | Found a shadowy altar of Dithmenos.
  6262 | D:9      | Reached skill level 13 in Fighting
  6263 | D:9      | Reached ***** piety under Makhleb
  6298 | D:9      | Found a shimmering altar of Xom.
  6298 | D:9      | Found a shimmering altar of Xom.
  6299 | D:9      | Found a shimmering altar of Xom.
  6299 | D:9      | Found a shimmering altar of Xom.
  6299 | D:9      | Found a shimmering altar of Xom.
  6299 | D:9      | Found a shimmering altar of Xom.
  6300 | D:9      | Found a shimmering altar of Xom.
  6510 | D:9      | Found a staircase to the Orcish Mines.
  6931 | Orc:1    | Entered Level 1 of the Orcish Mines
  7065 | Orc:1    | Noticed Nergalle
  7078 | Orc:1    | Killed Nergalle
  7078 | Orc:1    | Reached skill level 14 in Fighting
  7273 | Orc:2    | Reached ****** piety under Makhleb
  7549 | Orc:2    | Reached XP level 11. HP: 110/110 MP: 10/10
  7678 | Orc:2    | Found a roughly hewn altar of Beogh.
  7766 | Orc:1    | Found Ciattize's Jewellery Shoppe.
  7778 | Orc:1    | Bought a cursed -6 ring of dexterity for 32 gold pieces
  7778 | Orc:1    | Bought a cursed ring of loudness for 72 gold pieces
  7819 | Orc:3    | Noticed Maurice
  7944 | Orc:3    | Killed Maurice
  8031 | Orc:3    | Reached skill level 1 in Invocations
  8182 | Orc:3    | Found a runed door.
  8485 | Orc:3    | Reached skill level 5 in Armour
  8500 | Orc:3    | Slain by an orc knight

Action                   |  1- 3 |  4- 6 |  7- 9 | 10-12 || total
-------------------------+-------+-------+-------+-------++-------
Melee: War axe           |    64 |   173 |   294 |       ||   531
       Battleaxe         |       |       |    64 |   375 ||   439
  Use: Potion            |       |       |     1 |     1 ||     2
       Scroll            |       |       |    12 |     2 ||    14
  Eat: Chunk             |       |     4 |    10 |    14 ||    28
       Fruit             |       |       |     2 |       ||     2
       Bread ration      |       |       |       |     1 ||     1
